 Dungeon Crawl Stone Soup version 0.19.1-28-ge1247f7 (webtiles) character file.

391 pib the Gusty (level 6, -3/36 HPs)
             Began as a High Elf Air Elementalist on Jan 21, 2017.
             Was an Initiate of Vehumet.
             Slain by an orc
             ... wielding a +0 flail
              (4 damage)
             ... on level 5 of the Dungeon.
             The game lasted 00:18:13 (4278 turns).

pib the Gusty (High Elf Air Elementalist)           Turns: 4278, Time: 00:18:14

Health: -3/36      AC:  4    Str:  7    XL:     6   Next: 50%
Magic:  13/13      EV: 13    Int: 21    God:    Vehumet [......]
Gold:   201        SH:  0    Dex: 16    Spells: 6 memorised, 1 level left

rFire  . . .     SeeInvis .     h - +0 short sword
rCold  . . .     Gourm    .     a - +1 robe
rNeg   . . .     Faith    .     (no shield)
rPois  +         Spirit   .     (no helmet)
rElec  .         Reflect  .     o - +0 cloak
rCorr  +         Harm     .     (no gloves)
MR     .....                    (no boots)
Stlth  ++........               (no amulet)
                                l - ring of resist corrosion
                                y - ring of poison resistance

@: no status effects
A: no striking features
a: Renounce Religion


You were on level 5 of the Dungeon.
You worshipped Vehumet.
Vehumet was noncommittal.
You were not hungry.

You visited 2 branches of the dungeon, and saw 6 of its levels.

You collected 201 gold pieces.

Inventory:

Hand Weapons
 h - a +0 short sword (weapon)
 n - a cursed +0 mace
Armour
 a - a +1 robe (worn)
 o - a +0 cloak (worn)
 r - a +0 leather armour
Jewellery
 k - an uncursed ring of flight
 l - a ring of resist corrosion (right hand)
 y - a ring of poison resistance (left hand)
Scrolls
 i - 3 scrolls of identify
Potions
 d - 4 potions of flight
 f - a potion of brilliance {unknown}
 g - 2 potions of curing {unknown}
 p - a potion of agility {unknown}
 q - a potion of lignification {unknown}
 s - a potion of heal wounds {unknown}
Books
 b - a book of Air

   Spells                             Type                      Level
   a - Shock                          Conjuration/Air              1
   b - Swiftness                      Charms/Air                   2
   c - Repel Missiles                 Charms/Air                   2
   d - Static Discharge               Conjuration/Air              3
   e - Lightning Bolt                 Conjuration/Air              5
 m - a book of Cantrips

   Spells                             Type                      Level
   a - Confusing Touch                Hexes                        1
   b - Animate Skeleton               Necromancy                   1
   c - Summon Small Mammal            Summoning                    1
   d - Apportation                    Translocation                1
Comestibles
 c - 3 bread rations
 j - 2 royal jellies
 t - a slice of pizza
 x - a meat ration


   Skills:
 - Level 2.1 Dodging
 - Level 2.1 Stealth
 + Level 4.2 Spellcasting
 + Level 5.1 Conjurations
 - Level 1.6 Charms
 + Level 5.2 Air Magic


You had one spell level left.
You knew the following spells:

 Your Spells              Type           Power        Failure   Level  Hunger
a - Shock                 Conj/Air       ####         1%          1    None
b - Swiftness             Chrm/Air       ###.....     4%          2    #......
c - Animate Skeleton      Necr           N/A          12%         1    None
d - Summon Small Mammal   Summ           #...         12%         1    None
e - Repel Missiles        Chrm/Air       ###...       4%          2    #......
f - Lightning Bolt        Conj/Air       ####......   41%         5    ######.


Dungeon Overview and Level Annotations

Branches:
Dungeon (5/15)             Temple (1/1) D:4

Altars:
Ashenzari
Cheibriados
Dithmenos
Fedhas
Gozag
Hepliaklqana
Kikubaaqudgha
Makhleb
Nemelex Xobeh
Okawaru
Qazlal
Uskayaw
Vehumet
Yredelemnul
Zin
The Shining One

Annotations:
D:2 Terence


Message History

The orc priest completely misses you. The hound barely misses you.
The orc priest completely misses you.
An orc comes into view. It is wielding a flail.
The orc priest hits you. The hound bites you but does no damage.
The gnoll barely misses you. The orc priest misses you.
The orc priest hits you but does no damage.
The gnoll misses you.
The orc shouts! x2
The orc priest casts a cantrip, but nothing happens.
The hound completely misses you. The orc priest hits you.
The orc closely misses you. The hound bites you. The orc closely misses you.
The orc priest calls down the wrath of Beogh upon you.
Beogh smites you!
* * * LOW HITPOINT WARNING * * *
The orc hits you with a hand axe.
* * * LOW HITPOINT WARNING * * *
The orc completely misses you. The orc hits you with a flail.
You die...

.....
######§#<...
#.§§§§§..... #
#.§§g§#.....
#.##§gg...###+
#....og.#...+
###...5.#.###+#
#..ohoo.....#
#...@o...$.)+
##....<.....#
.....#.#.#####
#######.#+# #..
#(.. #... ##...


You could see a hound, 2 orc priests, 4 gnolls, a crimson imp and 3 orcs.

Vanquished Creatures
  2 ogres (D:4)
  An iguana (D:4)
  Ijyb (D:2)
  Natasha (D:2)
  2 worker ants (D:4)
  4 adders
  2 worms (D:2)
  4 dart slugs
  4 leopard geckos
  2 giant cockroaches
  3 goblins
  5 hobgoblins
  4 kobolds
  A quokka (D:5)
  2 bats
  3 frilled lizards
  12 rats
53 creatures vanquished.

Notes
Turn   | Place    | Note
-------+----------+-------------------------------------------
     0 | D:1      | pib the High Elf Air Elementalist began the quest for the Orb.
     0 | D:1      | Reached XP level 1. HP: 11/11 MP: 4/4
   335 | D:1      | Reached XP level 2. HP: 17/17 MP: 2/6
  1113 | D:2      | Noticed Terence
  1226 | D:2      | Reached XP level 3. HP: 20/21 MP: 2/7
  1442 | D:2      | Noticed Ijyb
  1461 | D:2      | Killed Ijyb
  1461 | D:2      | Reached XP level 4. HP: 19/27 MP: 2/8
  1512 | D:2      | Learned a level 2 spell: Swiftness
  1763 | D:2      | Noticed Natasha
  1774 | D:2      | Killed Natasha
  1774 | D:2      | Reached skill level 1 in Charms
  1827 | D:2      | Learned a level 1 spell: Animate Skeleton
  1829 | D:2      | Learned a level 1 spell: Summon Small Mammal
  2381 | D:3      | Reached XP level 5. HP: 31/31 MP: 8/10
  2555 | D:3      | Learned a level 2 spell: Repel Missiles
  2948 | D:4      | Noticed an ogre
  2962 | D:4      | Upgraded the game from 0.19.1-1-g22dce08 to 0.19.1-28-ge1247f7
  3224 | D:4      | Killed an ogre
  3224 | D:4      | Reached XP level 6. HP: 36/36 MP: 4/12
  3352 | D:4      | Found a staircase to the Ecumenical Temple.
  3395 | Temple   | Entered the Ecumenical Temple
  3432 | Temple   | Became a worshipper of Vehumet
  3509 | D:4      | Reached skill level 5 in Conjurations
  3509 | D:4      | Reached skill level 5 in Air Magic
  3573 | D:4      | Learned a level 5 spell: Lightning Bolt
  4205 | D:5      | Entered Level 5 of the Dungeon
  4278 | D:5      | HP: 1/36 [orc/hand axe (3)]
  4278 | D:5      | Slain by an orc

Skill      XL: |  1  2  3  4  5  6 |
---------------+-------------------+-----
Air Magic      | 4 5 |  5.2
Conjurations   | 2 4 5 |  5.1
Spellcasting   | 3 4 |  4.2
Charms         | 1 |  1.6
Dodging        | |  2.1
Stealth        | |  2.1

Action                   |  1- 3 |  4- 6 || total
-------------------------+-------+-------++-------
 Cast: Shock             |    58 |    96 ||   154
       Swiftness         |       |     2 ||     2
  Use: Scroll            |       |     6 ||     6
  Eat: Chunk             |     2 |     8 ||    10
Armor: Robe              |     3 |     5 ||     8
Dodge: Dodged            |    12 |    37 ||    49
